Map: Efflorescence LE

Players

schokobon

  • Race: Zerg Zerg
  • League: Gold
  • Spawn Location: 9:00

Maestria

  • Race: Protoss Protoss
  • League: Platinum
  • Spawn Location: 6:00

qqq - Winner!

  • Race: Zerg Zerg
  • Spawn Location: 12:00

Massa - Winner!

  • Race: Terran Terran
  • League: Platinum
  • Spawn Location: 3:00

VOD

Have the link to the VOD?

Description

Time

  • Played on: Nov. 1, 2020, 12:45 p.m.
  • Length: 5:45
Show
View Real Time Build Order
Export as new Build Order

schokobon Zerg 

Build Orders: Hatch First 

Get SALT Encoding   

  12  0:01  Drone  
  13  0:12  Overlord  
  13  0:18  Drone  
  14  0:32  Drone x2  
  14  0:35  Drone  
  17  0:54  Hatchery  
  16  0:59  Drone  
  16  1:01  Drone  
  18  1:13  Extractor  
  17  1:18  Spawning Pool  
  17  1:20  Drone  
  17  1:24  Drone  
  18  1:28  Drone  
  19  1:39  Overlord  
  19  1:49  Drone  
  20  2:00  Drone  
  21  2:06  Queen x2  
  21  2:07  Zergling x2  
  26  2:12  Zergling x2  
  27  2:17  Drone  
  28  2:29  Drone x2  
  30  2:32  Overlord  
  30  2:39  Drone  
  31  2:54  Queen  
  33  2:59  Zergling x2  
  33  3:00  Zergling x2  
  33  3:01  Zergling x2  
  33  3:03  Zergling x2  
  37  3:11  Hatchery, Drone, Baneling Nest  
  36  3:19  Drone x3  
  39  3:28  Metabolic Boost  
  39  3:43  Drone x5  
  44  3:55  Overlord x2  
  44  4:00  Spore Crawler  
  43  4:02  Queen  
  43  4:03  Spore Crawler  
  43  4:05  Overlord  
  36  4:29  Zergling x6  
  36  4:30  Zergling x8  
  29  4:54  Zergling x6  
  29  5:04  Zergling x4  
Show
View Real Time Build Order
Export as new Build Order

Maestria Protoss 

Build Orders: Oracle Opening 

Get SALT Encoding   

  12  0:00  Probe  
  13  0:12  Probe  
  14  0:19  Pylon  
  14  0:24  Probe  
  15  0:37  Probe (Chrono Boost)  
  15  0:40  Gateway  
  16  0:49  Probe (Chrono Boost)  
  17  0:51  Assimilator  
  17  0:54  Probe (Chrono Boost)  
  18  0:57  Assimilator  
  18  1:03  Probe  
  19  1:13  Gateway  
  19  1:15  Probe  
  20  1:28  Probe  
  20  1:29  Cybernetics Core  
  21  1:39  Pylon  
  21  1:40  Probe  
  22  1:52  Probe  
  23  2:03  Adept (Chrono Boost)  
  23  2:04  Probe, Adept (Chrono Boost)  
  28  2:09  Warp Gate  
  28  2:16  Probe  
  29  2:22  Stargate  
  29  2:28  Probe  
  30  2:38  Pylon  
  30  2:40  Probe  
  31  2:51  Robotics Facility  
  31  2:56  Probe  
  32  3:01  Stalker  
  34  3:08  Probe  
  33  3:28  Oracle (Chrono Boost)  
  33  3:29  Probe  
  33  3:30  Stalker  
  37  3:41  Probe  
  38  3:45  Nexus  
  38  3:50  Observer  
  39  3:55  Shield Battery  
  39  4:29  Shield Battery  
  39  4:32  Pylon  
  39  4:35  Pylon  
  39  4:39  Pylon  
  39  4:50  Immortal  
  39  4:51  Stalker  
  39  4:52  Stalker  
  42  5:15  Stalker x2  
Show
View Real Time Build Order
Export as new Build Order

qqq Zerg - Winner!

Build Orders: Hatch First 

Get SALT Encoding   

  12  0:00  Drone  
  13  0:10  Drone  
  14  0:38  Hatchery  
  13  0:48  Overlord  
  13  0:49  Drone  
  14  1:05  Spawning Pool  
  14  1:07  Drone  
  14  1:10  Extractor  
  13  1:16  Drone  
  14  1:22  Drone  
  15  1:29  Drone  
  16  1:35  Drone  
  17  1:44  Drone  
  18  1:52  Queen  
  20  1:56  Drone  
  20  1:57  Drone  
  22  2:05  Queen  
  24  2:10  Drone  
  25  2:16  Metabolic Boost  
  25  2:20  Zergling x2  
  26  2:24  Drone  
  27  2:35  Overlord, Baneling Nest  
  26  2:39  Zergling x2  
  26  2:42  Drone  
  28  2:52  Overlord  
  28  2:55  Zergling x2  
  28  2:56  Zergling x2  
  28  2:57  Zergling x2  
  31  3:00  Zergling x2  
  25  3:27  Zergling x4  
  25  3:28  Zergling x6  
  25  3:29  Zergling x6  
  33  3:35  Drone  
  33  3:37  Drone  
  35  3:41  Baneling x2  
  35  3:48  Drone  
  36  3:52  Zergling x2  
  36  3:53  Zergling x2  
  38  4:00  Drone  
  38  4:01  Zergling x2  
  40  4:09  Baneling x2  
  39  4:20  Zergling x4  
  39  4:21  Zergling x2  
  39  4:22  Zergling x4  
  43  4:41  Spore Crawler  
  43  4:43  Spore Crawler  
  43  4:44  Drone x3  
  43  5:04  Zergling x4  
  43  5:05  Overlord  
  43  5:06  Overlord  
  41  5:31  Drone x3  
Show
View Real Time Build Order
Export as new Build Order

Massa Terran - Winner!

Build Orders:  

Get SALT Encoding   

  12  0:00  SCV  
  13  0:12  SCV  
  14  0:18  Supply Depot  
  14  0:24  SCV  
  15  0:39  SCV  
  15  0:40  Barracks  
  16  0:48  Supply Depot  
  16  0:51  SCV  
  17  1:06  Barracks  
  17  1:10  SCV  
  18  1:18  Refinery  
  18  1:22  SCV  
  19  1:30  Barracks  
  20  1:40  Orbital Command  
  19  1:51  Marine  
  20  1:55  Barracks Tech Lab  
  20  2:07  SCV  
  21  2:09  Marine  
  21  2:10  Supply Depot  
  21  2:13  Supply Depot  
  22  2:16  Marauder  
  22  2:18  Marine  
  25  2:26  Marine  
  26  2:36  Marine  
  28  2:37  Marauder  
  29  2:44  Marine  
  30  2:54  Marine  
  31  2:58  Stimpack  
  31  2:59  Marauder  
  31  3:02  Marine  
  34  3:12  Marine  
  35  3:20  Marauder, Marine  
  35  3:22  Refinery  
  38  3:30  Marine  
  39  3:38  Marine  
  40  3:41  Marauder  
  40  3:43  Supply Depot  
  40  3:47  SCV  
  40  3:48  Marine, Supply Depot  
  44  3:55  Marine  
  44  4:00  SCV  
  46  4:05  Marauder, Marine  
  49  4:13  Marine  
  50  4:28  Marauder, Marine  
  53  4:31  Marine  
  54  4:46  Marine  
  54  4:49  Marauder  
  54  4:51  Marine  
  58  5:04  Marine  
  59  5:09  Marine  
  59  5:11  Marauder  
  54  5:22  Marine  
  54  5:27  Marine  
  55  5:35  Command Center  
Tags
 
Add a new tag
Caveats
  • Supply blocks, unpowered buildings, or Contaminate may cause inaccurate times.
  • Supply counts are checked every 10 seconds.